 Dungeon Crawl Stone Soup version 0.27.1-1-g398f81649c (webtiles) character file.

Game seed: 16390501358844496815

1800 pkoi the Carver (level 8, -20/105 HPs)
             Began as a Minotaur Gladiator on Sept 17, 2021.
             Was an Elder of Trog.
             Demolished by a two-headed ogre (30 damage)
             ... on level 5 of the Dungeon.
             The game lasted 00:06:01 (6193 turns).

pkoi the Carver (Minotaur Gladiator)                Turns: 6193, Time: 00:06:02

Health: -20/105    AC:  4    Str: 21    XL:     8   Next: 83%
Magic:  7/7        EV: 12    Int: 11    God:    Trog [****..]
Gold:   231        SH:  5    Dex: 12    Spells: 7/7 levels left

rFire    . . .     SeeInvis .   a - +1 long sword (vorpal)
rCold    . . .     Faith    .   (no shield)
rNeg     . . .     Spirit   .   b - +0 leather armour
rPois    .         Reflect  +   c - +0 hat
rElec    .         Harm     .   i - +0 cloak
rCorr    .         Rampage  .   (no gloves)
Will     .....                  (no boots)
Stlth    ..........             l - amulet of reflection
HPRegen  0.27/turn              u - +6 ring of intelligence
MPRegen  0.10/turn              (no ring)

@: berserking, very quick
A: horns 2, retaliatory headbutt
a: Renounce Religion, Berserk, Trog's Hand, Brothers in Arms


You were on level 5 of the Dungeon.
You worshipped Trog.
Trog was greatly pleased with you.
You visited 2 branches of the dungeon, and saw 6 of its levels.

You collected 231 gold pieces.

Inventory:

Hand Weapons
 a - a +1 vorpal long sword (weapon)
 p - a +2 dagger of electrocution
Missiles
 d - 4 throwing nets
 m - 8 boomerangs of dispersal
 n - 10 boomerangs (quivered)
Armour
 b - a +0 leather armour (worn)
 c - a +0 hat (worn)
 i - a +0 cloak (worn)
Jewellery
 l - an amulet of reflection (around neck)
 u - a +6 ring of intelligence (left hand)
Scrolls
 f - 2 scrolls of enchant weapon
 j - a scroll of teleportation
 k - a scroll of identify
 s - a scroll of fog
Potions
 e - a potion of lignification
 g - a potion of haste
 h - 2 potions of heal wounds {unknown}
 o - a potion of curing {unknown}
 q - 2 potions of might {unknown}
 r - 2 potions of degeneration {unknown}
 t - a potion of berserk rage {unknown}


   Skills:
 + Level 6.1 Fighting
 * Level 11.4 Long Blades
 - Level 2.0 Throwing
 + Level 5.4 Armour
 - Level 3.2 Dodging


You had 7 spell levels left.
You didn't know any spells.
Your spell library was empty.

Dungeon Overview and Level Annotations

Branches:
Dungeon (5/15)             Temple (1/1) D:4

Altars:
Ashenzari
Cheibriados
Dithmenos
Elyvilon
Fedhas
Gozag
Hepliaklqana
Kikubaaqudgha
Makhleb
Nemelex Xobeh
Okawaru
Qazlal
Ru
Sif Muna
Trog
Uskayaw
Vehumet
Wu Jian
Xom
Yredelemnul
Zin
The Shining One


Innate Abilities, Weirdness & Mutations

You have a pair of horns on your head.
You reflexively headbutt those who attack you in melee.


Message History

No target in view!
No target in view!
No target in view!
A two-headed ogre comes into view. It is wielding two +0 giant clubs.
Found a scroll of amnesia and a scroll of identify.
The two-headed ogre shouts in stereo!
You hear a howl!
The two-headed ogre moves out of view.
A two-headed ogre and a howler monkey come into view.
Found 14 stones, a glowing robe and 31 gold pieces.
The howler monkey howls!
There are monsters nearby!
You barely miss the two-headed ogre.
The howler monkey hoots and howls with incredible vigour!
The two-headed ogre hits you with a +0 giant club!!
You block the two-headed ogre's attack.
You are too injured to fight recklessly!
You are too injured to fight recklessly!
You are too injured to fight recklessly!
You are too injured to fight recklessly!
You slash the two-headed ogre!
The two-headed ogre is moderately wounded.
The two-headed ogre hits you with a +0 giant club!!
* * * LOW HITPOINT WARNING * * *
The two-headed ogre hits you with a +0 giant club.
* * * LOW HITPOINT WARNING * * *
You hit the two-headed ogre.
Your headbutt misses the two-headed ogre.
The two-headed ogre is moderately wounded.
A red film seems to cover your vision as you go berserk!
You feel yourself moving faster!
You feel mighty!
The howler monkey hoots and howls with incredible vigour!
The two-headed ogre hits you with a +0 giant club!!
* * * LOW HITPOINT WARNING * * *
You block the two-headed ogre's attack.
You slash the two-headed ogre!
The two-headed ogre is heavily wounded.
You hit the two-headed ogre.
The two-headed ogre is heavily wounded.
The two-headed ogre hits you with a +0 giant club!!
You die...

#.##.......# #...........#
......##...# #######.....#
......##...############.....##
......##...#.........##......#
......######.........##....#.####
......................'....'.....
......######.........##....##.###
####### #.†#########....##....
#..#.@Oh.?##....##....
#..#..#([$##....##.... #..#..#
.$#######..... #..#..##### #...).
#..#......# #(.... #..#..†...#
####..... .#####.)#####..#
#........ .....#..#......#
#........ .....#..#......#
#....##..


You could see a two-headed ogre and a howler monkey (catching breath).

Vanquished Creatures
  3 yaks (D:4)
  Menkaure (D:4)
  2 water moccasins
  A black bear (D:5)
  An ogre (D:5)
  2 scorpions
  A howler monkey (D:4)
  A bullfrog zombie (D:5)
  2 orc priests (D:4)
  2 hounds (D:5)
  2 bullfrog skeletons (D:5)
  5 iguanas
  5 orc wizards
  2 hound skeletons
  4 gnolls (D:4)
  5 adders
  3 worms
  A dart slug (D:2)
  24 orcs
  7 ball pythons
  12 endoplasms
  A giant cockroach (D:3)
  11 goblins
  3 hobgoblins
  2 quokkas (D:3)
  9 bats
  14 frilled lizards
  5 kobolds
  4 rats
  A spectral kobold (D:1)
136 creatures vanquished.

Vanquished Creatures (others)
  5 plants (D:3)
5 creatures vanquished.

Grand Total: 141 creatures vanquished

Notes
Turn   | Place    | Note
-------+----------+-------------------------------------------
     0 | D:1      | pkoi the Minotaur Gladiator began the quest for the Orb.
     0 | D:1      | Reached XP level 1. HP: 18/18 MP: 0/0
   183 | D:1      | Reached skill level 4 in Long Blades
   231 | D:1      | Reached XP level 2. HP: 20/25 MP: 1/1
   359 | D:1      | Found a faded altar of an unknown god.
   489 | D:1      | Reached skill level 5 in Long Blades
   928 | D:1      | Became a worshipper of Trog the Wrathful
   928 | D:1      | Reached * piety under Trog
   945 | D:2      | Reached XP level 3. HP: 30/30 MP: 2/2
  2188 | D:3      | Reached skill level 6 in Long Blades
  2188 | D:3      | Reached XP level 4. HP: 28/37 MP: 3/3
  2491 | D:3      | Reached ** piety under Trog
  2967 | D:4      | Reached skill level 7 in Long Blades
  2967 | D:4      | Reached XP level 5. HP: 42/42 MP: 4/4
  3345 | D:4      | Noticed a water moccasin
  3355 | D:4      | Killed a water moccasin
  3356 | D:4      | Reached skill level 8 in Long Blades
  3356 | D:4      | Reached XP level 6. HP: 29/50 MP: 5/5
  3545 | D:4      | Noticed Menkaure
  3550 | D:4      | Killed Menkaure
  3551 | D:4      | Reached skill level 1 in Armour
  3605 | D:4      | Reached *** piety under Trog
  3703 | D:4      | Found a staircase to the Ecumenical Temple.
  3706 | D:4      | Noticed a yak
  3706 | D:4      | Noticed a yak
  3707 | D:4      | Noticed a yak
  4003 | D:4      | Reached skill level 9 in Long Blades
  4014 | D:4      | Reached XP level 7. HP: 13/57 MP: 6/6
  4388 | Temple   | Entered the Ecumenical Temple
  4671 | D:5      | Entered Level 5 of the Dungeon
  5128 | D:4      | Killed a yak
  5129 | D:4      | Reached skill level 10 in Long Blades
  5133 | D:4      | Killed a yak
  5134 | D:4      | Reached XP level 8. HP: 67/67 MP: 7/7
  5140 | D:4      | Reached skill level 5 in Fighting
  5203 | D:4      | Found a hazy altar of Hepliaklqana.
  6013 | D:5      | Reached skill level 11 in Long Blades
  6047 | D:5      | Reached **** piety under Trog
  6048 | D:5      | Reached skill level 5 in Armour
  6186 | D:5      | Noticed a two-headed ogre
  6193 | D:5      | Demolished by a two-headed ogre

Illustrated notes

Levels and vault maps discovered:
D:1:      lemuel_arrival_funnel, layout_loops_ring,
          dreamdust_ecumenical_altar_drowned_temple, columned_hall_lemuel,
          minmay_misc_feat_five, grunt_decor_mini_mirrors
D:2:      layout_rooms
D:3:      layout_loops_corners, minmay_lizard_king
D:4:      layout_basic, overflow_temple_1_default, minmay_temple_entry_grid,
          uniq_menkaure
D:5:      kennysheep_windowed_halls, layout_basic
Temple:   nicolae_temple_the_god_donut

Skill      XL: |  1  2  3  4  5  6  7  8 |
---------------+-------------------------+-----
Long Blades    | 4 5 6 7 8 9 10 11 | 11.4
Fighting       | 3 4 6 |  6.1
Armour         | 1 4 5 |  5.4
Throwing       | |  2.0
Dodging        | |  3.2

Action                   |  1- 3 |  4- 6 |  7- 9 || total
-------------------------+-------+-------+-------++-------
Melee: Long sword        |    76 |    95 |   120 ||   291
       Headbutt          |    17 |    20 |    18 ||    55
Throw: Boomerang         |       |     6 |     1 ||     7
Invok: Berserk           |       |       |     3 ||     3
  Use: Scroll            |     7 |     3 |     3 ||    13
Armor: Leather armour    |    19 |    20 |    17 ||    56
Dodge: Dodged            |    67 |    42 |    48 ||   157
Block: Other             |       |    17 |    18 ||    35
       Reflection        |       |     1 |     2 ||     3
       Rpst.: Long sword |    12 |     9 |    13 ||    34
